 Dungeon Crawl Stone Soup version 0.27.0-1-g7a089689b8 (webtiles) character file.

Game seed: 13915109387094857468

34 Rallik the Bolt Thrower (level 3, -2/28 HPs)
             Began as a Formicid Hunter on Aug 4, 2021.
             Slain by an adder (3 damage)
             ... on level 2 of the Dungeon.
             The game lasted 00:01:59 (1291 turns).

Rallik the Bolt Thrower (Formicid Hunter)           Turns: 1291, Time: 00:02:00

Health: -2/28      AC:  3    Str: 17    XL:     3   Next: 50%
Magic:  3/3        EV: 11    Int: 10    God:
Gold:   78         SH:  0    Dex: 11    Spells: 2/2 levels left

rFire    . . .     SeeInvis +   a - +1 hand crossbow
rCold    . . .     Faith    .   (no shield)
rNeg     . . .     Spirit   .   c - +0 leather armour
rPois    .         Reflect  .   (helmet unavailable)
rElec    .         Harm     .   (no cloak)
rCorr    .         Rampage  .   (no gloves)
Will     .....                  (no boots)
Stlth    +.........             (no amulet)
HPRegen  0.09/turn              (no ring)
MPRegen  0.08/turn              (no ring)

@: lethally poisoned (-2 -> -9)
A: permanent stasis, dig shafts and tunnels, antennae 3, four strong arms
a: Dig, Shaft Self


You were on level 2 of the Dungeon.
You visited 1 branch of the dungeon, and saw 2 of its levels.

You collected 78 gold pieces.

Inventory:

Hand Weapons
 a - a +1 hand crossbow (weapon)
 b - a +0 short sword
Missiles
 d - 9 bolts (quivered ammo)
Armour
 c - a +0 leather armour (worn)
Jewellery
 g - a ring of protection from cold
Scrolls
 f - 2 scrolls of identify {unknown}
Potions
 e - a potion of flight {unknown}


   Skills:
 + Level 2.7 Fighting
 * Level 4.8 Crossbows
 - Level 1.7 Dodging
 - Level 1.2 Stealth


You had 2 spell levels left.
You didn't know any spells.
Your spell library contained the following spells:

 Spells                   Type           Power      Damage    Failure   Level
 Sandblast                Erth           0%         2d4       43%         1
 Passwall                 Tmut/Erth      0%         N/A       56%         2
 Lee's Rapid Deconstruct  Erth           0%         3d5*      100%        5


Dungeon Overview and Level Annotations

Branches:
Dungeon (2/15)

Altars:


Innate Abilities, Weirdness & Mutations

You cannot be hasted, slowed, berserked, paralysed or teleported.
You can dig through walls and to a lower floor.
You have a pair of large antennae on your head. (SInv)
Your four strong arms can wield two-handed weapons with a shield.


Message History

Press: ? - help, Q - select action, (/) - cycle Shift-Dir - straight line, f - adder
Aim: an adder (48% to hit)
You shoot a bolt. The bolt closely misses the adder.
The adder barely misses you.
Fire: 14 bolts
Press: ? - help, Q - select action, (/) - cycle Shift-Dir - straight line, f/p - adder
Aim: an adder (48% to hit)
You shoot a bolt. The bolt misses the adder.
The adder barely misses you. The adder bites you.
* * * LOW HITPOINT WARNING * * *
Fire: 13 bolts
Press: ? - help, Q - select action, (/) - cycle Shift-Dir - straight line, f/p - adder
Aim: an adder (48% to hit)
You shoot a bolt. The bolt hits the adder!
The adder is severely wounded.
The adder barely misses you.
Fire: 12 bolts
Press: ? - help, Q - select action, (/) - cycle Shift-Dir - straight line, f/p - adder
Aim: an adder (severely wounded, 48% to hit)
You shoot a bolt. The bolt misses the adder.
The adder bites you but does no damage. The adder bites you.
* * * LOW HITPOINT WARNING * * *
You are poisoned.
The adder poisons you!
Fire: 11 bolts
Press: ? - help, Q - select action, (/) - cycle Shift-Dir - straight line, f/p - adder
Aim: an adder (severely wounded, 48% to hit)
You shoot a bolt. The bolt closely misses the adder.
* * * LOW HITPOINT WARNING * * *
You feel sick. The adder bites you.
* * * LOW HITPOINT WARNING * * *
You are more poisoned.
The adder poisons you! The adder closely misses you.
Fire: 10 bolts
Press: ? - help, Q - select action, (/) - cycle Shift-Dir - straight line, f/p - adder
Aim: an adder (severely wounded, 48% to hit)
You shoot a bolt. The bolt barely misses the adder.
* * * LOW HITPOINT WARNING * * *
You feel sick. The adder bites you.
You die...

# ###.......# #.# #. # ..#
.....##[.#+#####.# #. #
..# ####.##........#.# #.
# ... ..#...'........#.#
#. # #.#
#.#.)##........#.# #. .
#.# #(#..####.######.# #.
## #.# #.#...# #.## #.# #.
# #.# #.##..###..# #.# #
#.# #.#.@......# #.# #
#.#####.#S#..###.## #.#
#.........#..# #..# #.#
#######(..#..###..####.#
#.####...#..##........####
#........#..##............
#.#####..#####........####
#...............#
#.######........####


You could see an adder.

Vanquished Creatures
  A dart slug (D:2)
  An orc (D:2)
  3 ball pythons
  3 endoplasms
  A giant cockroach (D:2)
  5 goblins
  4 hobgoblins
  A kobold (D:2)
  2 quokkas
  4 bats
  A frilled lizard (D:1)
  2 rats
28 creatures vanquished.

Notes
Turn   | Place    | Note
-------+----------+-------------------------------------------
     0 | D:1      | Rallik the Formicid Hunter began the quest for the Orb.
     0 | D:1      | Reached XP level 1. HP: 16/16 MP: 1/1
   169 | D:1      | Reached XP level 2. HP: 22/22 MP: 2/2
   356 | D:1      | Found a faded altar of an unknown god.
   919 | D:2      | Reached XP level 3. HP: 28/28 MP: 3/3
  1291 | D:2      | HP: 1/28 [poisoned by an adder]
  1291 | D:2      | Slain by an adder

Illustrated notes

Levels and vault maps discovered:
D:1:      minmay_arrival_diagonal_passages, layout_loops_ring,
          hellmonk_ecumenical_altar_pennies_from_heaven, st_stairs_13,
          hangedman_decor_peaks_small
D:2:      layout_basic

Action                   || total
-------------------------++-------
Melee: Short sword       ||    38
 Fire: Hand crossbow     ||    42
 Abil: Dig               ||     1
 Stab: Distracted        ||     1
Armor: Leather armour    ||    12
Dodge: Dodged            ||    27
